General information
			
			
        
        - name: teamFFA
 
        - type: Ladder 1vs1/FFA
 
        - host: iggy_the_fisk
 
        - saver: BEAR_AND
 
        
map: DustwallowKeys 
        - players: 7
 
        - length: 66:10
 
        - speed: Fast
 - version: 1.22 W3XP
 - replay type:  

 
» download(735 KB)
Players
        team 1 (winner) 
              
              
iggy_the_fisk (
gray | 57 APM | 3780 actions | 66:10)
              
 4 Warden 
 2 Shadow Strike
 2 Fan of Knives
 4 Keeper of the Grove 
 2 Entangling Roots
 2 Force of Nature
 
                » actions 
                
                | Assign group hotkey | 127 |  | 
| Basic commands | 35 |  | 
| Build / train | 110 |  | 
| Enter build submenu | 74 |  | 
| Enter hero's abilities submenu | 9 |  | 
| Remove unit from queue | 8 |  | 
| Right click | 2203 |  | 
| Select / deselect | 664 |  | 
| Select group hotkey | 310 |  | 
| Use ability | 240 |  | 
                3780 total
 » units 
                
                | Wisp | 46 |  | 
| Druid of the Claw | 14 |  | 
                60 total
 » upgrades
                
                | Druid of the Claw Training | 2 |  | 
| Well Spring | 1 |  | 
| Mark of the Claw | 1 |  | 
| Nature's Blessing | 1 |  | 
| Strength of the Wild | 3 |  | 
| Reinforced Hides | 3 |  | 
| Ultravision | 1 |  | 
                12 total
 » buildings
                
                | Altar of Elders | 6 |  | 
| Moon Well | 28 |  | 
| Tree of Ages | 1 |  | 
| Hunter's Hall | 1 |  | 
| Ancient of Lore | 1 |  | 
| Tree of Eternity | 1 |  | 
| Tree of Life | 16 |  | 
| Ancient of Wonders | 1 |  | 
                55 total
 » build order
                00:03 Altar of Elders
00:05 Moon Well
01:45 Tree of Ages
01:51 Moon Well
02:36 Moon Well
02:39 Moon Well
02:44 Moon Well
02:50 Moon Well
02:55 Moon Well
03:15 Hunter's Hall
03:43 Moon Well
04:27 Ancient of Lore
05:32 Tree of Eternity
06:37 Moon Well
07:58 Tree of Life
08:06 Moon Well
08:32 Ancient of Wonders
09:14 Moon Well
10:53 Tree of Life
10:54 Tree of Life
13:01 Moon Well
13:02 Moon Well
14:57 Tree of Life
17:54 Altar of Elders
18:12 Tree of Life
18:34 Moon Well
18:35 Altar of Elders
19:09 Moon Well
19:19 Altar of Elders
19:25 Altar of Elders
19:50 Moon Well
20:53 Moon Well
22:05 Tree of Life
22:20 Moon Well
23:16 Tree of Life
23:19 Moon Well
24:56 Moon Well
26:07 Altar of Elders
27:21 Tree of Life
28:32 Moon Well
31:43 Moon Well
36:51 Tree of Life
36:58 Tree of Life
38:32 Tree of Life
40:44 Tree of Life
43:22 Tree of Life
43:50 Moon Well
43:56 Moon Well
43:57 Moon Well
44:01 Moon Well
44:04 Moon Well
44:06 Moon Well
44:22 Tree of Life
55:56 Tree of Life
56:12 Tree of Life
» items
                
                | Orb of Venom | 2 |  | 
| Staff of Preservation | 2 |  | 
| Scroll of Town Portal | 4 |  | 
| Lesser Clarity Potion | 3 |  | 
| Potion of Healing | 4 |  | 
| Potion of Mana | 1 |  | 
| Boots of Speed | 1 |  | 
| Staff of Teleportation | 1 |  | 
                18 total
  
               team 2 (loser) 
              
              
BEAR_AND (
blue | 141 APM | 9332 actions | 66:10)
              
 5 Demon Hunter 
 3 Mana Burn
 2 Evasion
 5 Warden 
 3 Shadow Strike
 2 Blink
 
                » actions 
                
                | Assign group hotkey | 21 |  | 
| Basic commands | 14 |  | 
| Build / train | 149 |  | 
| Enter build submenu | 41 |  | 
| Enter hero's abilities submenu | 11 |  | 
| Give item / drop item | 15 |  | 
| Remove unit from queue | 10 |  | 
| Right click | 6309 |  | 
| Select / deselect | 716 |  | 
| Select group hotkey | 1732 |  | 
| Use ability | 314 |  | 
                9332 total
 » units 
                
                | Wisp | 70 |  | 
| Huntress | 9 |  | 
| Razormane Medicine Man | 8 |  | 
                87 total
 » upgrades
                
                | Ultravision | 1 |  | 
| Nature's Blessing | 1 |  | 
| Upgrade Moon Glaive | 1 |  | 
| Well Spring | 1 |  | 
| Sentinel | 1 |  | 
                5 total
 » buildings
                
                | Altar of Elders | 2 |  | 
| Moon Well | 13 |  | 
| Ancient of War | 1 |  | 
| Tree of Ages | 1 |  | 
| Ancient of Wonders | 1 |  | 
| Hunter's Hall | 1 |  | 
| Tree of Life | 16 |  | 
| Tree of Eternity | 1 |  | 
                36 total
 » build order
                00:18 Altar of Elders
00:34 Moon Well
01:15 Ancient of War
02:32 Tree of Ages
02:35 Ancient of Wonders
03:09 Hunter's Hall
03:46 Moon Well
03:48 Moon Well
03:49 Moon Well
06:29 Tree of Life
07:32 Tree of Eternity
07:47 Moon Well
07:48 Moon Well
09:27 Tree of Life
09:33 Moon Well
09:36 Moon Well
10:28 Moon Well
10:30 Moon Well
13:27 Moon Well
13:28 Moon Well
13:29 Moon Well
18:10 Tree of Life
19:46 Tree of Life
23:34 Tree of Life
23:51 Tree of Life
24:11 Tree of Life
29:24 Tree of Life
31:03 Tree of Life
36:47 Tree of Life
37:08 Tree of Life
38:28 Tree of Life
41:13 Tree of Life
45:53 Altar of Elders
52:07 Tree of Life
59:04 Tree of Life
60:07 Tree of Life
» items
                
                | Boots of Speed | 3 |  | 
| Staff of Teleportation | 2 |  | 
| Dust of Appearance | 1 |  | 
| Staff of Preservation | 2 |  | 
| Orb of Venom | 5 |  | 
| Potion of Healing | 8 |  | 
| Scroll of Town Portal | 5 |  | 
| Potion of Lesser Invulnerability | 1 |  | 
                27 total
  
               team 3 (loser) 
              
              
bLinn (
dark-green | 88 APM | 5771 actions | 65:35)
              
 4 Priestess of the Moon 
 2 Trueshot Aura
 2 Searing Arrows
 4 Keeper of the Grove 
 2 Entangling Roots
 2 Thorns Aura
 3 Demon Hunter 
 2 Mana Burn
 1 Evasion
 
                » actions 
                
                | Assign group hotkey | 119 |  | 
| Basic commands | 48 |  | 
| Build / train | 138 |  | 
| ESC pressed | 2 |  | 
| Enter build submenu | 31 |  | 
| Enter hero's abilities submenu | 12 |  | 
| Give item / drop item | 9 |  | 
| Remove unit from queue | 13 |  | 
| Right click | 2537 |  | 
| Select / deselect | 1097 |  | 
| Select group hotkey | 1512 |  | 
| Use ability | 252 |  | 
                5771 total
 » units 
                
                | Wisp | 24 |  | 
| Archer | 9 |  | 
| Glaive Thrower | 3 |  | 
| Huntress | 3 |  | 
| Druid of the Claw | 7 |  | 
| Dryad | 3 |  | 
| Druid of the Talon | 7 |  | 
| Mountain Giant | 2 |  | 
                58 total
 » upgrades
                
                | Ultravision | 1 |  | 
| Strength of the Moon | 1 |  | 
| Moon Armor | 1 |  | 
| Vorpal Blades | 0 |  | 
| Druid of the Claw Training | 2 |  | 
| Well Spring | 1 |  | 
| Mark of the Claw | 1 |  | 
| Reinforced Hides | 3 |  | 
| Strength of the Wild | 3 |  | 
| Druid of the Talon Training | 2 |  | 
| Resistant Skin | 1 |  | 
| Hardened Skin | 1 |  | 
| Abolish Magic | 1 |  | 
| Mark of the Talon | 1 |  | 
                19 total
 » buildings
                
                | Altar of Elders | 1 |  | 
| Moon Well | 8 |  | 
| Ancient of War | 4 |  | 
| Hunter's Hall | 1 |  | 
| Tree of Ages | 4 |  | 
| Ancient of Lore | 2 |  | 
| Tree of Eternity | 2 |  | 
| Ancient of Wonders | 1 |  | 
| Tree of Life | 5 |  | 
| Ancient of Wind | 1 |  | 
                29 total
 » build order
                00:02 Altar of Elders
00:03 Moon Well
00:36 Ancient of War
01:32 Moon Well
02:37 Hunter's Hall
03:55 Tree of Ages
03:55 Tree of Ages
05:23 Moon Well
05:24 Moon Well
06:41 Ancient of Lore
08:03 Tree of Eternity
08:04 Tree of Eternity
10:07 Ancient of Wonders
10:38 Ancient of Lore
10:40 Moon Well
13:36 Tree of Life
13:55 Moon Well
13:56 Moon Well
14:50 Tree of Life
15:17 Tree of Life
17:53 Tree of Life
19:37 Tree of Life
21:28 Ancient of Wind
41:00 Tree of Ages
41:00 Tree of Ages
42:02 Moon Well
47:27 Ancient of War
47:28 Ancient of War
47:30 Ancient of War
» items
                
                | Staff of Preservation | 3 |  | 
| Scroll of Town Portal | 7 |  | 
| Orb of Venom | 2 |  | 
| Moonstone | 1 |  | 
| Potion of Lesser Invulnerability | 3 |  | 
| Scroll of Healing | 1 |  | 
| Scroll of Protection | 1 |  | 
| Potion of Healing | 1 |  | 
                19 total
  
               team 4 (loser) 
              
              
HuluCthulu (
teal | 38 APM | 2513 actions | 66:00)
              
 2 Keeper of the Grove 
 1 Force of Nature
 1 Thorns Aura
 2 Warden 
 1 Blink
 1 Fan of Knives
 1 Demon Hunter 
 1 Mana Burn
 
                » actions 
                
                | Assign group hotkey | 14 |  | 
| Basic commands | 2 |  | 
| Build / train | 95 |  | 
| Enter build submenu | 25 |  | 
| Enter hero's abilities submenu | 6 |  | 
| Remove unit from queue | 10 |  | 
| Right click | 1232 |  | 
| Select / deselect | 463 |  | 
| Select group hotkey | 514 |  | 
| Use ability | 152 |  | 
                2513 total
 » units 
                
                | Wisp | 24 |  | 
| Archer | 23 |  | 
| Huntress | 12 |  | 
| Dryad | 2 |  | 
| Glaive Thrower | 2 |  | 
                63 total
 » upgrades
                
                | Improved Bows | 1 |  | 
| Upgrade Moon Glaive | 1 |  | 
| Marksmanship | 1 |  | 
| Abolish Magic | 1 |  | 
| Strength of the Moon | 3 |  | 
| Moon Armor | 3 |  | 
| Ultravision | 1 |  | 
                11 total
 » buildings
                
                | Ancient of War | 3 |  | 
| Altar of Elders | 2 |  | 
| Tree of Life | 1 |  | 
| Moon Well | 4 |  | 
| Tree of Ages | 1 |  | 
| Tree of Eternity | 1 |  | 
| Hunter's Hall | 1 |  | 
| Ancient Protector | 5 |  | 
| Ancient of Lore | 1 |  | 
                19 total
 » build order
                00:11 Ancient of War
00:23 Altar of Elders
04:08 Tree of Life
12:19 Altar of Elders
13:24 Moon Well
14:27 Ancient of War
15:02 Tree of Ages
17:24 Tree of Eternity
17:53 Hunter's Hall
22:43 Ancient Protector
22:58 Ancient of War
23:19 Ancient Protector
23:47 Ancient of Lore
23:53 Ancient Protector
25:18 Moon Well
27:14 Moon Well
27:55 Moon Well
31:02 Ancient Protector
31:07 Ancient Protector
 
               team 5 (loser) 
              
              
timg4strok (
purple | 154 APM | 10174 actions | 66:05)
              
 10 Demon Hunter 
 3 Mana Burn
 3 Evasion
 1 Metamorphosis
 3 Immolation
 10 Keeper of the Grove 
 3 Entangling Roots
 3 Thorns Aura
 1 Tranquility
 3 Force of Nature
 8 Priestess of the Moon 
 3 Trueshot Aura
 3 Scout
 1 Starfall
 1 Searing Arrows
 
                » actions 
                
                | Assign group hotkey | 37 |  | 
| Basic commands | 410 |  | 
| Build / train | 181 |  | 
| ESC pressed | 5 |  | 
| Enter build submenu | 30 |  | 
| Enter hero's abilities submenu | 31 |  | 
| Give item / drop item | 13 |  | 
| Right click | 3846 |  | 
| Select / deselect | 988 |  | 
| Select group hotkey | 4255 |  | 
| Use ability | 377 |  | 
                10174 total
 » units 
                
                | Wisp | 57 |  | 
| Archer | 12 |  | 
| Dryad | 19 |  | 
| Mountain Giant | 2 |  | 
                90 total
 » upgrades
                
                | Improved Bows | 1 |  | 
| Abolish Magic | 1 |  | 
| Ultravision | 1 |  | 
| Strength of the Wild | 3 |  | 
| Reinforced Hides | 3 |  | 
| Hardened Skin | 1 |  | 
| Resistant Skin | 1 |  | 
| Well Spring | 1 |  | 
| Nature's Blessing | 1 |  | 
| Marksmanship | 1 |  | 
| Druid of the Claw Training | 2 |  | 
| Sentinel | 1 |  | 
| Upgrade Moon Glaive | 1 |  | 
| Vorpal Blades | 1 |  | 
| Backpack | 1 |  | 
| Strength of the Moon | 2 |  | 
| Moon Armor | 2 |  | 
| Druid of the Talon Training | 1 |  | 
| Hippogryph Taming | 1 |  | 
| Mark of the Claw | 1 |  | 
                27 total
 » buildings
                
                | Altar of Elders | 1 |  | 
| Ancient of War | 7 |  | 
| Moon Well | 12 |  | 
| Tree of Life | 5 |  | 
| Ancient of Wonders | 1 |  | 
| Tree of Ages | 1 |  | 
| Hunter's Hall | 1 |  | 
| Ancient of Lore | 2 |  | 
| Tree of Eternity | 1 |  | 
| Ancient of Wind | 1 |  | 
                32 total
 » build order
                00:02 Altar of Elders
00:06 Ancient of War
00:24 Moon Well
01:45 Moon Well
02:53 Tree of Life
03:22 Moon Well
04:09 Tree of Life
04:36 Ancient of Wonders
05:38 Tree of Ages
05:53 Moon Well
06:20 Hunter's Hall
06:52 Moon Well
08:04 Ancient of Lore
08:05 Ancient of Lore
09:24 Tree of Eternity
09:45 Moon Well
12:06 Moon Well
19:22 Ancient of Wind
22:57 Tree of Life
24:53 Tree of Life
28:27 Moon Well
28:27 Moon Well
30:57 Ancient of War
31:16 Ancient of War
31:18 Ancient of War
38:44 Tree of Life
43:14 Ancient of War
43:14 Ancient of War
43:38 Moon Well
43:39 Moon Well
43:41 Moon Well
46:57 Ancient of War
» items
                
                | Boots of Speed | 2 |  | 
| Staff of Teleportation | 2 |  | 
| Potion of Healing | 4 |  | 
| Moonstone | 1 |  | 
| Scroll of Healing | 2 |  | 
| Staff of Preservation | 3 |  | 
| Periapt of Vitality | 1 |  | 
| Orb of Venom | 2 |  | 
| Scroll of Town Portal | 10 |  | 
| Potion of Mana | 1 |  | 
                28 total
  
               team 6 (loser) 
              
              
sErTiFuS (
yellow | 43 APM | 1983 actions | 45:37)
              
 3 Warden 
 1 Blink
 2 Shadow Strike
 4 Demon Hunter 
 2 Mana Burn
 2 Immolation
 
                » actions 
                
                | Assign group hotkey | 17 |  | 
| Basic commands | 11 |  | 
| Build / train | 135 |  | 
| Enter build submenu | 25 |  | 
| Enter hero's abilities submenu | 7 |  | 
| Remove unit from queue | 26 |  | 
| Right click | 837 |  | 
| Select / deselect | 778 |  | 
| Select group hotkey | 90 |  | 
| Use ability | 57 |  | 
                1983 total
 » units 
                
                | Wisp | 15 |  | 
| Archer | 16 |  | 
| Huntress | 16 |  | 
| Druid of the Claw | 8 |  | 
| Dryad | 20 |  | 
| Mountain Giant | 1 |  | 
| Glaive Thrower | 6 |  | 
                82 total
 » upgrades
                
                | Moon Armor | 2 |  | 
| Improved Bows | 1 |  | 
| Sentinel | 1 |  | 
| Vorpal Blades | 0 |  | 
| Strength of the Moon | 3 |  | 
| Upgrade Moon Glaive | 1 |  | 
| Hardened Skin | 1 |  | 
| Resistant Skin | 1 |  | 
| Druid of the Claw Training | 1 |  | 
| Abolish Magic | 1 |  | 
| Well Spring | 1 |  | 
                13 total
 » buildings
                
                | Altar of Elders | 1 |  | 
| Moon Well | 10 |  | 
| Ancient of War | 1 |  | 
| Hunter's Hall | 1 |  | 
| Tree of Ages | 1 |  | 
| Tree of Life | 1 |  | 
| Ancient of Lore | 2 |  | 
| Tree of Eternity | 1 |  | 
| Ancient of Wonders | 1 |  | 
                19 total
 » build order
                00:05 Altar of Elders
00:09 Moon Well
01:08 Ancient of War
04:11 Hunter's Hall
04:42 Moon Well
04:46 Moon Well
06:42 Tree of Ages
07:20 Moon Well
11:33 Tree of Life
12:11 Moon Well
12:24 Ancient of Lore
15:26 Tree of Eternity
18:49 Moon Well
18:53 Moon Well
19:48 Ancient of Wonders
24:14 Ancient of Lore
26:20 Moon Well
26:28 Moon Well
26:58 Moon Well
» items
                
                | Orb of Venom | 1 |  | 
| Potion of Healing | 1 |  | 
| Scroll of Town Portal | 1 |  | 
                3 total
  
               team 7 (loser) 
              
              
Mata. (
green | 158 APM | 9983 actions | 63:06)
              
 8 Demon Hunter 
 3 Mana Burn
 3 Evasion
 1 Metamorphosis
 1 Immolation
 4 Warden 
 2 Shadow Strike
 2 Blink
 5 Keeper of the Grove 
 3 Entangling Roots
 2 Thorns Aura
 
                » actions 
                
                | Assign group hotkey | 917 |  | 
| Basic commands | 90 |  | 
| Build / train | 173 |  | 
| Enter build submenu | 73 |  | 
| Enter hero's abilities submenu | 18 |  | 
| Give item / drop item | 7 |  | 
| Remove unit from queue | 2 |  | 
| Right click | 4281 |  | 
| Select / deselect | 1881 |  | 
| Select group hotkey | 2165 |  | 
| Use ability | 373 |  | 
                9983 total
 » units 
                
                | Wisp | 52 |  | 
| Archer | 14 |  | 
| Razormane Medicine Man | 1 |  | 
| Harpy Windwitch | 1 |  | 
| Harpy Rogue | 1 |  | 
| Centaur Outrunner | 1 |  | 
| Druid of the Talon | 8 |  | 
| Dryad | 7 |  | 
| Hippogryph | 2 |  | 
| Mountain Giant | 3 |  | 
                90 total
 » upgrades
                
                | Nature's Blessing | 1 |  | 
| Well Spring | 1 |  | 
| Druid of the Talon Training | 2 |  | 
| Strength of the Wild | 3 |  | 
| Reinforced Hides | 3 |  | 
| Ultravision | 1 |  | 
| Mark of the Talon | 1 |  | 
| Druid of the Claw Training | 2 |  | 
| Abolish Magic | 1 |  | 
| Strength of the Moon | 2 |  | 
| Moon Armor | 1 |  | 
| Hardened Skin | 1 |  | 
| Resistant Skin | 1 |  | 
| Mark of the Claw | 1 |  | 
| Improved Bows | 1 |  | 
| Marksmanship | 1 |  | 
                23 total
 » buildings
                
                | Altar of Elders | 4 |  | 
| Moon Well | 19 |  | 
| Ancient of War | 2 |  | 
| Tree of Ages | 2 |  | 
| Tree of Life | 7 |  | 
| Tree of Eternity | 3 |  | 
| Ancient of Wonders | 2 |  | 
| Hunter's Hall | 1 |  | 
| Ancient of Lore | 3 |  | 
| Ancient of Wind | 2 |  | 
                45 total
 » build order
                00:02 Altar of Elders
00:16 Moon Well
00:40 Ancient of War
01:26 Moon Well
02:44 Ancient of War
03:59 Tree of Ages
04:23 Tree of Life
05:21 Moon Well
05:22 Moon Well
05:53 Tree of Life
08:20 Tree of Life
08:24 Tree of Life
09:54 Tree of Eternity
09:54 Tree of Eternity
10:13 Ancient of Wonders
12:55 Tree of Life
13:05 Hunter's Hall
13:36 Tree of Life
19:11 Ancient of Lore
19:12 Ancient of Lore
19:13 Ancient of Lore
20:01 Ancient of Wind
20:01 Ancient of Wind
22:59 Moon Well
22:59 Moon Well
23:24 Altar of Elders
23:43 Ancient of Wonders
23:45 Moon Well
24:08 Tree of Life
25:09 Altar of Elders
25:32 Moon Well
25:40 Moon Well
25:55 Tree of Ages
30:08 Moon Well
32:57 Tree of Eternity
34:07 Moon Well
41:03 Moon Well
44:42 Moon Well
49:59 Moon Well
50:55 Moon Well
55:58 Altar of Elders
57:38 Moon Well
58:36 Moon Well
58:39 Moon Well
60:44 Moon Well
» items
                
                | Potion of Healing | 3 |  | 
| Staff of Preservation | 2 |  | 
| Orb of Venom | 3 |  | 
| Scroll of Town Portal | 8 |  | 
| Circlet of Nobility | 1 |  | 
| Periapt of Vitality | 1 |  | 
| Potion of Invisibility | 1 |  | 
| Staff of Teleportation | 3 |  | 
| Scroll of Healing | 2 |  | 
                24 total
  
                Chat log
          (00:18 / All) HuluCthulu: MY DICK
(00:30 / All) HuluCthulu: PLUS YOUR DICK
(00:48 / All) HuluCthulu: WHAT SHE SAID
(01:24 / All) HuluCthulu: this is gay
(01:26 / All) HuluCthulu: truce
(06:01 / All) HuluCthulu: 4
(06:01 / All) HuluCthulu: 4
(06:01 / All) HuluCthulu: 4
(06:02 / All) HuluCthulu: 4
(06:02 / All) HuluCthulu: 4
(06:02 / All) HuluCthulu: 4
(06:03 / All) HuluCthulu: 4
(43:10 / All) HuluCthulu: braveheart
(43:14 / All) HuluCthulu: MEL GIBSON
(43:36 / All) HuluCthulu: not in that way
(43:50 / All) HuluCthulu: death by horse intersourse
(60:48 / All) HuluCthulu: aka your mom
(61:47 / All) HuluCthulu: use tradesmans entrance
(63:52 / All) HuluCthulu: i didn't know towers from dota could walk